 Dungeon Sprint DCSS version 0.31-a0-931-g7b59d4eb97 (webtiles) character file.

Game seed: 2790000098823156483

26535 sircluck the Brawler (level 12, -37/146 HPs)
             Began as a Troll Berserker on Oct 19, 2023.
             Was a High Priest of Trog.
             Killed from afar by Lom Lobon (54 damage)
             ... with a great icy blast
             ... in the Dungeon (Sprint VII: "The Pits").
             The game lasted 00:07:30 (1792 turns).

sircluck the Brawler (Troll Berserker)              Turns: 1792, Time: 00:07:31

Health: -37/146    AC: 19    Str: 35    XL:     12   Next: 99%
Magic:  11/11      EV: 15    Int:  3    God:    Trog [*****.]
Gold:   64         SH:  0    Dex: 14    Spells: 11/11 levels left

rFire   x x          .
                       - Unarmed
rCold   + + .        (no shield)
rNeg    . . .        F - +0 ice dragon scales
rPois   .            (helmet restricted)
rElec   .            k - +0 cloak
rCorr   .            (gloves unavailable)
SInv    .            (boots unavailable)
Will    .....        (no amulet) Stlth
                     l - +3 ring of protection
HPRegen 1.24/turn    B - ring of the Well-Known Moons {Wiz rF- Str+3 Dex+5 Slay+3}
MPRegen 0.12/turn

%: no teleportation, wizardry (x1)
@: no status effects
A: large, unfitting armour, claws 3, regeneration 1, shaggy fur 1, tough skin 1
a: Renounce Religion, Berserk, Trog's Hand, Brothers in Arms


You were in the Dungeon.
You worshipped Trog.
Trog was extremely pleased with you.
You visited 1 branch You collected 64 gold pieces.

Inventory:

Missiles
 n - 4 javelins
 o - 6 large rocks
Armour
 a - a +0 animal skin
 k - a +0 cloak (worn)
 y - a +0 troll leather armour
 F - +0 ice dragon scales (worn)
Jewellery
 l - a +3 ring of protection (left claw)
 m - a +3 ring of protection
 r - a ring of protection from fire
 x - a ring of willpower
 B - the ring of the Well-Known Moons (right claw) {Wiz rF- Str+3 Dex+5 Slay+3}
   (You found it in the Dungeon)

   [ring of wizardry]

   Wiz:       It improves your spell success rate.
   Str+3:     It affects your strength (+3).
   Dex+5:     It affects your dexterity (+5).
   Slay+3:    It affects your accuracy & damage with ranged weapons and melee
   (+3).
   rF-:       It makes you vulnerable to fire.
 C - a ring of willpower
Wands
 w - a wand of flame (16)
 z - a wand of mindburst (11)
 A - a wand of paralysis (6)
 E - a wand of roots (4)
Scrolls
 g - 3 scrolls of blinking
 i - 2 scrolls of vulnerability
 j - a scroll of summoning
 q - 2 scrolls of identify
 s - 2 scrolls of fear
 t - 4 scrolls of enchant armour
 u - 2 scrolls of enchant weapon
 v - a scroll of fog
 D - a scroll of brand weapon
Potions
 b - 8 potions of curing
 c - 20 potions of heal wounds
 d - 3 potions of haste
 e - 4 potions of magic
 f - 5 potions of berserk rage
 h - 2 potions of invisibility
 p - a potion of might


   Skills:
 + Level 16.5 Fighting
 + Level 9.2 Armour
 + Level 16.3 Dodging
 + Level 19.2 Unarmed Combat


You had 11 spell levels left.
You didn't know any spells.
Your spell library was empty.

Dungeon Overview and Level Annotations

Branches:
Dungeon (1/1)

Altars:
Ashenzari
Cheibriados
Dithmenos
Elyvilon
Fedhas
Gozag
Hepliaklqana
Kikubaaqudgha
Makhleb
Nemelex Xobeh
Okawaru
Qazlal
Ru
Sif Muna
Trog
Uskayaw
Vehumet
Wu Jian
Xom
Yredelemnul
Zin
The Shining One
Jiyva
Lugonu

Annotations:
D Lom Lobon


Innate Abilities, Weirdness & Mutations

You are too large for most types of armour.
You have claws for hands.
Your natural rate of healing is unusually fast.
You are covered in fur. (AC +1)
You have tough skin. (AC +1)


Message History

The blast of lightning engulfs your iron troll!!
The blast of lightning engulfs you!
The ball lightning explodes!
The blast of lightning engulfs your iron troll!!
The blast of lightning engulfs you!!
The blast of lightning engulfs Lom Lobon.
Lom Lobon completely resists.
You hear a shout!
Unknown command.
Unknown command.
Unknown command.
Unknown command.
Your two-headed ogre goes berserk!
Lom Lobon gestures.
Your iron troll bites the ball lightning!!
The ball lightning explodes!
The blast of lightning engulfs your iron troll!!
The blast of lightning engulfs Lom Lobon.
Lom Lobon completely resists.
The blast of lightning engulfs you!!
The blast of lightning engulfs your two-headed ogre!!!
The blast of lightning engulfs the ball lightning.
The ball lightning completely resists.
A ball lightning comes into view.
Unknown command.
You fail to use your ability.
Your iron troll misses Lom Lobon.
Your iron troll claws Lom Lobon!
Your iron troll misses Lom Lobon.
Unknown command.
Unknown command.
You swap places.
The ball lightning explodes!
The blast of lightning engulfs Lom Lobon.
Lom Lobon completely resists.
The blast of lightning engulfs you!!!
* * * LOW HITPOINT WARNING * * *
The blast of lightning engulfs your iron troll!!!
Your iron troll dies!
Your iron troll's corpse disappears in a puff of smoke!
Lom Lobon gestures at you.
Lom Lobon conjures a mighty blast of ice!
The great icy blast engulfs you!!! You partially resist.
You die...

#+# #ยง# #'#
#################&#
................@O#
...............)..#
++##############..#
#..# #..# #..# #..#
#..# #..#


You could see Lom Lobon (ally target) and a friendly two-headed ogre (summoned,
berserk).

Vanquished Creatures
  A storm dragon (D)
  An emperor scorpion (D)
  A vampire knight (D)
  A minotaur (D)
  A rakshasa (D)
  An alligator (D)
  A two-headed ogre (D)
  A deep elf knight (D)
  A flayed ghost (D)
  2 deep trolls (D)
  A phantasmal warrior (D)
  An elephant (D)
  Joseph (D)
  A cane toad (D)
  3 kobold demonologists (D)
  A yaktaur (D)
  2 ice devils (D)
  An efreet (D)
  A troll (D)
  A hornet (D)
  A tarantella (D)
  3 blink frogs (D)
  A jumping spider (D)
  A shadow (D)
  2 air elementals (D)
  A basilisk (D)
  2 redbacks (D)
  A chaos spawn (D)
  A black bear (D)
  An ice beast (D)
  A sky beast (D)
  2 wolves (D)
  3 kobold brigands (D)
  A gnoll sergeant (D)
  An earth elemental (D)
  3 wights (D)
  A crimson imp (D)
  A jelly (D)
  Crazy Yiuf (D)
  An iron imp (D)
  An iguana (D)
  3 hell rats (D)
  A mummy (D)
  4 gnolls (D)
  2 adders (D)
  An ufetubus (D)
  A worm (D)
  2 orcs (D)
  2 endoplasms (D)
  A goblin (D)
  2 hobgoblins (D)
  3 jackals (D)
  A kobold (D)
  A ball python zombie (D)
  A bat (D)
79 creatures vanquished.

Vanquished Creatures (collateral kills)
  A death cob (D)
  An ice dragon (D)
  2 hydras (D)
  An alligator snapping turtle (D)
  An ogre mage (D)
  3 two-headed ogres (D)
  A naga warrior (D)
  A large abomination (D)
  A spriggan druid (D)
  2 lindwurms (D)
  A deep elf zephyrmancer (D)
  2 deep elf pyromancers (D)
  A cyclops (D)
  An eye of devastation (D)
  A rust devil (D)
  An elephant (D)
  A troll (D)
  A tarantella (D)
  5 blink frogs (D)
  A spriggan (D)
  Menkaure (D)
  3 nagas (D)
  An acid dragon (D)
  A phantom (D)
  A necrophage (D)
  A scorpion (D)
  3 wights (D)
  An orc priest (D)
  2 orcs (D)
  An endoplasm (D)
  A ball python skeleton (D)
  A ball lightning (D)
46 creatures vanquished.

Vanquished Creatures (others)
  3 ball lightnings (D)
3 creatures vanquished.

Grand Total: 128 creatures vanquished

Notes
Turn   | Place    | Note
-------+----------+-------------------------------------------
     0 | D        | sircluck the Troll Berserker began the quest for the Orb.
     0 | D        | Reached XP level 1. HP: 22/22 MP: 0/0
    24 | D        | Reached ** piety under Trog
    35 | D        | Found a bloodstained altar of Trog.
    35 | D        | Found a shimmering blue altar of Sif Muna.
    35 | D        | Found a viscous altar of Jiyva.
    35 | D        | Found a hazy altar of Hepliaklqana.
    35 | D        | Found an opulent altar of Gozag.
    36 | D        | Found a glowing golden altar of the Shining One.
    36 | D        | Found a glowing silver altar of Zin.
    36 | D        | Found a basalt altar of Yredelemnul.
    36 | D        | Found a shimmering altar of Xom.
    36 | D        | Found an ornate altar of the Wu Jian Council.
    36 | D        | Found a sacrificial altar of Ru.
    36 | D        | Found a stormy altar of Qazlal.
    36 | D        | Found an iron altar of Okawaru.
    36 | D        | Found a sparkling altar of Nemelex Xobeh.
    36 | D        | Found a burning altar of Makhleb.
    36 | D        | Found a blossoming altar of Fedhas.
    36 | D        | Found a white marble altar of Elyvilon.
    36 | D        | Found a shadowy altar of Dithmenos.
    36 | D        | Found a snail-covered altar of Cheibriados.
    39 | D        | Found a corrupted altar of Lugonu.
    39 | D        | Found a radiant altar of Vehumet.
    40 | D        | Found an ancient bone altar of Kikubaaqudgha.
    40 | D        | Found a hide-covered altar of Uskayaw.
    40 | D        | Found a broken altar of Ashenzari.
    99 | D        | Reached XP level 2. HP: 31/31 MP: 1/1
    99 | D        | Reached *** piety under Trog
   104 | D        | Noticed a gnoll sergeant
   117 | D        | Reached skill level 4 in Unarmed Combat
   118 | D        | Reached XP level 3. HP: 30/39 MP: 2/2
   122 | D        | Killed a gnoll sergeant
   123 | D        | Reached skill level 5 in Unarmed Combat
   123 | D        | Reached XP level 4. HP: 40/49 MP: 3/3
   123 | D        | Reached **** piety under Trog
   129 | D        | Reached skill level 5 in Fighting
   129 | D        | Reached skill level 6 in Unarmed Combat
   131 | D        | Reached skill level 5 in Dodging
   210 | D        | Reached ***** piety under Trog
   211 | D        | Reached XP level 5. HP: 50/59 MP: 4/4
   213 | D        | Received a gift from Trog
   214 | D        | Reached skill level 7 in Unarmed Combat
   248 | D        | Noticed a wolf
   254 | D        | Noticed Crazy Yiuf
   260 | D        | Killed a wolf
   261 | D        | Reached skill level 8 in Unarmed Combat
   261 | D        | Reached XP level 6. HP: 67/68 MP: 5/5
   274 | D        | Killed Crazy Yiuf
   357 | D        | Noticed an ice beast
   361 | D        | Killed an ice beast
   362 | D        | Reached skill level 9 in Unarmed Combat
   363 | D        | Noticed a hornet
   363 | D        | Paralysed by a hornet for 2 turns
   368 | D        | Killed a hornet
   369 | D        | Reached XP level 7. HP: 36/81 MP: 6/6
   425 | D        | Received a gift from Trog
   426 | D        | Reached skill level 10 in Unarmed Combat
   462 | D        | Noticed an efreet
   462 | D        | Noticed an elephant
   472 | D        | Killed an efreet
   473 | D        | Reached XP level 8. HP: 31/92 MP: 7/7
   532 | D        | Killed an elephant
   533 | D        | Reached skill level 11 in Unarmed Combat
   535 | D        | Received a gift from Trog
   645 | D        | Noticed a cane toad
   656 | D        | Killed a cane toad
   657 | D        | Reached skill level 10 in Fighting
   657 | D        | Reached skill level 10 in Dodging
   663 | D        | Reached skill level 12 in Unarmed Combat
   684 | D        | Noticed an air elemental
   684 | D        | Noticed a minotaur
   684 | D        | Paralysed by an air elemental for 1 turns
   690 | D        | Killed an air elemental
   691 | D        | Reached XP level 9. HP: 102/102 MP: 8/8
   691 | D        | Noticed a flayed ghost
   695 | D        | Killed a minotaur
   696 | D        | Reached skill level 13 in Unarmed Combat
   699 | D        | Killed a flayed ghost
   759 | D        | Noticed a lindwurm
   759 | D        | Noticed Menkaure
   761 | D        | Received a gift from Trog
   765 | D        | Noticed an ice devil
   775 | D        | Killed an ice devil
   776 | D        | Killed Menkaure
   777 | D        | Reached XP level 10. HP: 37/115 MP: 9/9
   777 | D        | Killed a lindwurm
   778 | D        | Identified the +6 giant spiked club "Goblinslayer" {heavy,
                  | rN+ rCorr Dex-4} (Trog gifted it to you in the Dungeon)
   778 | D        | Received a gift from Trog
   791 | D        | Reached skill level 14 in Unarmed Combat
   793 | D        | Noticed a deep elf zephyrmancer
   796 | D        | Killed a deep elf zephyrmancer
   796 | D        | Received a gift from Trog
   859 | D        | Noticed a deep troll
   862 | D        | Killed a deep troll
   880 | D        | Noticed a phantasmal warrior
   882 | D        | Killed a phantasmal warrior
   883 | D        | Reached skill level 15 in Unarmed Combat
   884 | D        | Reached ****** piety under Trog
   887 | D        | Received a gift from Trog
   927 | D        | Noticed a deep elf pyromancer
   927 | D        | Noticed a six-headed hydra
   927 | D        | Noticed a rust devil
   932 | D        | Killed a six-headed hydra
   935 | D        | Killed a deep elf pyromancer
   937 | D        | Noticed a cyclops
   937 | D        | Killed a rust devil
   937 | D        | Received a gift from Trog
   938 | D        | Reached XP level 11. HP: 127/127 MP: 10/10
   945 | D        | Reached skill level 16 in Unarmed Combat
   950 | D        | Noticed a four-headed hydra
   954 | D        | Killed a four-headed hydra
  1130 | D        | Received a gift from Trog
  1199 | D        | Noticed Joseph
  1207 | D        | Killed Joseph
  1208 | D        | Reached skill level 1 in Armour
  1266 | D        | Paralysed by an air elemental for 1 turns
  1279 | D        | Received a gift from Trog
  1310 | D        | Noticed a death cob
  1314 | D        | Killed a death cob
  1315 | D        | Reached skill level 17 in Unarmed Combat
  1328 | D        | Noticed an emperor scorpion
  1329 | D        | Received a gift from Trog
  1337 | D        | Killed an emperor scorpion
  1338 | D        | Reached skill level 5 in Armour
  1345 | D        | Reached skill level 15 in Fighting
  1434 | D        | Noticed an ogre mage
  1434 | D        | Noticed a two-headed ogre
  1434 | D        | Noticed a two-headed ogre
  1435 | D        | Noticed a naga warrior
  1436 | D        | Killed a two-headed ogre
  1436 | D        | Killed a two-headed ogre
  1437 | D        | Reached skill level 15 in Dodging
  1437 | D        | Reached XP level 12. HP: 143/143 MP: 11/11
  1440 | D        | Killed an ogre mage
  1440 | D        | Received a gift from Trog
  1441 | D        | Noticed a two-headed ogre
  1442 | D        | Killed a two-headed ogre
  1442 | D        | Identified the +7 long sword "Soil" {drain, rN+ rCorr}
  1445 | D        | Killed a naga warrior
  1446 | D        | Reached skill level 18 in Unarmed Combat
  1455 | D        | Got the ring of the Well-Known Moons {Wiz rF- Str+3 Dex+5
                  | Slay+3}
  1521 | D        | Noticed an ice dragon
  1521 | D        | Noticed an alligator
  1529 | D        | Noticed an alligator snapping turtle
  1531 | D        | Noticed a storm dragon
  1535 | D        | Received a gift from Trog
  1540 | D        | Killed an ice dragon
  1550 | D        | Killed an alligator snapping turtle
  1552 | D        | Killed an alligator
  1554 | D        | Received a gift from Trog
  1558 | D        | Noticed a two-headed ogre
  1558 | D        | Noticed a vampire knight
  1559 | D        | Killed a two-headed ogre
  1562 | D        | Killed a storm dragon
  1562 | D        | Noticed a rakshasa
  1571 | D        | Killed a vampire knight
  1571 | D        | Received a gift from Trog
  1576 | D        | Killed a rakshasa
  1577 | D        | Reached skill level 19 in Unarmed Combat
  1788 | D        | Noticed Lom Lobon
  1792 | D        | Killed from afar by Lom Lobon

Illustrated notes

Levels and vault maps discovered:
D:        pitsprint [storerooms_1, entrance_room_1, metal_vault_1, armoury_2,
          mini_pit_1, grid_room_1, main_hall_1, silver_pit, the_coven_3,
          the_vestibule_1, steel_vault_5, golden_pit, hallway_of_sentries,
          crystal_vault_4, iron_vault_2, final_vault]

Skill      XL: |  1  2  3  4  5  6  7  8  9 10 11 12 |
---------------+-------------------------------------+-----
Fighting       | 3 4 5 6 8 9 10 11 13 15 16 | 16.5
Dodging        | 3 4 5 6 8 9 10 11 13 15 16 | 16.3
Unarmed Combat | 4 5 6 8 9 10 12 13 15 17 19 | 19.2
Armour         | 5 9 |  9.2

Action                     |  1- 3 |  4- 6 |  7- 9 | 10-12 || total
---------------------------+-------+-------+-------+-------++-------
  Melee: Unarmed           |    35 |    45 |    70 |   112 ||   262
         Punch             |       |     2 |     5 |    11 ||    18
 Invoke: Berserk           |     1 |     1 |     2 |     3 ||     7
         Brothers in Arms  |       |       |     1 |    10 ||    11
   Stab: Sleeping          |       |     1 |       |       ||     1
 Armour: Animal skin       |    29 |    23 |    51 |    13 ||   116
         Troll leather arm |       |       |       |    59 ||    59
         Ice dragon scales |       |       |       |     5 ||     5
  Dodge: Dodged            |    19 |    25 |    43 |    56 ||   143

Table legend: (Time is in decaauts)
 A = Elapsed time spent in this place.
 B = Non-inter-level travel time spent in this place.
 C = Inter-level travel time spent in this place.
 D = Time resting spent in this place.
 E = Time spent auto-exploring this place.
 F = Levels seen in this place.
 G = Mean time per level.
                   A        B        C        D        E       F      G
               +--------+--------+--------+--------+--------+-----+--------+
         Total |   1785 |   1731 |     54 |    446 |    313 |   1 | 1785.0 |
       Dungeon |   1785 |   1731 |     54 |    446 |    313 |   1 | 1785.0 |
               +--------+--------+--------+--------+--------+-----+--------+

Top non-repeatable levels by time:
       D: 1785 daAuts
